 Dungeon Crawl Stone Soup version 0.31.0-9-g3a7656b989 (webtiles) character file.

Game seed: 13717028813457165181

133 qw the Skirmisher (level 4, 0/25 HPs)
             Began as a Deep Elf Hunter on Feb 2, 2024.
             Incinerated by a bombardier beetle (5 damage)
             ... with a burning spray
             ... on level 3 of the Dungeon.
             The game lasted 00:00:07 (1880 turns).

qw the Skirmisher (Deep Elf Hunter)                 Turns: 1880, Time: 00:00:07

Health: 0/25       AC:  7    Str: 10    XL:     4   Next: 93%
Magic:  6/6        EV: 11    Int: 14    God:
Gold:   77         SH:  0    Dex: 18    Spells: 3/3 levels left

rFire   . . .        a - +1 shortbow
rCold   . . .        (shield currently unavailable)
rNeg    . . .        e - +2 ring mail
rPois   .            (no helmet)
rElec   .            (no cloak)
rCorr   +            (no gloves)
SInv    .            (no boots)
Will    .....        (no amulet)
Stlth   +            l - ring of resist corrosion
HPRegen 0.24/turn    (no ring)
MPRegen 0.10/turn

%: no passive effects
@: on fire, glowing
A: no striking features
a: no special abilities


You were on level 3 of the Dungeon.
You visited 1 branch of the dungeon, and saw 3 of its levels.

You collected 77 gold pieces.


   Skills:
 - Level 1.5 Fighting
 + Level 8.3 Ranged Weapons
 - Level 2.4 Dodging
 - Level 1.2 Stealth


You had 3 spell levels left.
You didn't know any spells.
Your spell library was empty.

Inventory:

Hand Weapons
 a - a +1 shortbow (weapon)
Armour
 e - a +2 ring mail (worn)
Jewellery
 l - a ring of resist corrosion (left hand)
Scrolls
 b - a scroll of teleportation {unknown}
Potions
 d - a potion of curing
 f - 2 potions of heal wounds {unknown}
 i - a potion of might
 j - a potion of resistance

Dungeon Overview and Level Annotations

Branches:
Dungeon (3/15)

Altars:


Message History

The bombardier beetle is heavily wounded.
You shoot an arrow.
The arrow barely misses the bombardier beetle.
The bombardier beetle sprays incendiary fluid at you.
The burning spray hits you.
You are covered in liquid fire!
You shoot an arrow.
The arrow barely misses the bombardier beetle.
The liquid fire burns you!
The bombardier beetle sprays incendiary fluid at you.
The burning spray hits you.
You are even more covered in liquid fire!
You shoot an arrow. The arrow hits the bombardier beetle.
The bombardier beetle is severely wounded.
The liquid fire burns you!
You hear a shout!
You shoot an arrow.
The arrow barely misses the bombardier beetle.
The liquid fire burns you!
An orc comes into view. It is wielding a +0 mace.
The bombardier beetle barely misses you.
You shoot an arrow. The arrow hits the bombardier beetle.
The bombardier beetle is almost dead.
The liquid fire burns you!
The bombardier beetle closely misses you.
You shoot an arrow.
The arrow hits the bombardier beetle but does no damage.
The bombardier beetle is almost dead.
The liquid fire burns you!
You shoot an arrow.
The arrow hits the bombardier beetle but does no damage.
The bombardier beetle is almost dead.
The liquid fire burns you!
The bombardier beetle sprays incendiary fluid at you.
The burning spray hits you.
You are even more covered in liquid fire!
You shoot an arrow. The arrow hits the bombardier beetle.
The bombardier beetle is almost dead.
The liquid fire burns you!
You die...

######## #......##
###
#.####..########...#
#.#...........@Bo#
#.#.##..########...#
###.#.##.## ..#
.....))..# ...
########## #.# # # #
# # #####


You could see a bombardier beetle and an orc.

Vanquished Creatures
  An orc priest (D:3)
  Terence (D:2)
  3 adders
  A ribbon worm (D:2)
  A dart slug (D:1)
  2 orcs (D:3)
  3 endoplasms
  2 giant cockroaches (D:2)
  8 goblins
  A hobgoblin (D:2)
  4 quokkas
  2 ball pythons (D:1)
  5 bats
  2 frilled lizards
  5 kobolds
  4 rats
45 creatures vanquished.

Notes
Turn   | Place    | Note
-------+----------+-------------------------------------------
     0 | D:1      | qw the Deep Elf Hunter began the quest for the Orb.
     0 | D:1      | Reached XP level 1. HP: 12/12 MP: 3/3
     0 | D:1      | 0 ||| qw: Version: 0.3-a-155-g5e7d8dd
     0 | D:1      | 0 ||| qw: Game counter: 1873
     0 | D:1      | 0 ||| qw: Melee chars always use a shield: true
     0 | D:1      | 0 ||| qw: God list: Okawaru
     0 | D:1      | 0 ||| qw: Allow faded altars: false
     0 | D:1      | 0 ||| qw: Do Orc after clearing Dungeon:15 true
     0 | D:1      | 0 ||| qw: Do second Lair branch before Depths: true
     0 | D:1      | 0 ||| qw: Lair rune preference: random
     0 | D:1      | 0 ||| qw: Goals: Normal
     0 | D:1      | 0 ||| PLANNING D:1-11
   136 | D:1      | Reached skill level 6 in Ranged Weapons
   136 | D:1      | Reached XP level 2. HP: 16/16 MP: 4/4
   669 | D:1      | 669 ||| UPGRADING to +0 ring mail.
   679 | D:1      | 679 ||| DROPPING +0 leather armour.
   680 | D:1      | 680 ||| UPGRADING to ring of resist corrosion.
   681 | D:1      | 681 ||| READING scroll labelled AZIFUS UNASEZ.
   682 | D:1      | 682 ||| READING 4 scrolls labelled FEADGHE XEHATOHO.
   682 | D:1      | 682 ||| IDENTIFYING sapphire potion
   683 | D:1      | 683 ||| READING 3 scrolls of identify.
   683 | D:1      | 683 ||| IDENTIFYING amethyst potion
   684 | D:1      | 684 ||| READING 2 scrolls of identify.
   684 | D:1      | 684 ||| IDENTIFYING bubbling cyan potion
   685 | D:1      | 685 ||| READING scroll of identify.
   685 | D:1      | 685 ||| IDENTIFYING scroll labelled BOKES ACESH
   686 | D:1      | 686 ||| READING scroll of enchant weapon.
   686 | D:1      | 686 ||| ENCHANTING +0 shortbow.
   687 | D:1      | 687 ||| READING 2 scrolls labelled URAIC HUOMAU.
   687 | D:1      | 687 ||| ENCHANTING +0 ring mail.
   688 | D:1      | 688 ||| READING scroll of enchant armour.
   688 | D:1      | 688 ||| ENCHANTING +1 ring mail.
   689 | D:1      | 689 ||| DROPPING scroll of butterflies.
   690 | D:1      | 690 ||| DROPPING potion of degeneration.
   716 | D:2      | 716 ||| DROPPING +0 sling of flaming.
   748 | D:2      | Reached XP level 3. HP: 20/20 MP: 5/5
   972 | D:2      | Noticed Terence
   983 | D:2      | Killed Terence
   984 | D:2      | Reached skill level 7 in Ranged Weapons
  1290 | D:2      | Reached XP level 4. HP: 25/25 MP: 6/6
  1641 | D:2      | 1641 ||| READING 2 scrolls of identify.
  1641 | D:2      | 1641 ||| IDENTIFYING bubbling pink potion
  1642 | D:2      | 1642 ||| READING scroll of identify.
  1642 | D:2      | 1642 ||| IDENTIFYING bubbling brown potion
  1643 | D:2      | 1643 ||| DROPPING potion of ambrosia.
  1789 | D:3      | 1789 ||| FLEEEEING.
  1790 | D:3      | 1790 ||| FLEEEEING.
  1791 | D:3      | 1791 ||| FLEEEEING.
  1793 | D:3      | 1793 ||| FLEEEEING.
  1794 | D:3      | 1794 ||| FLEEEEING.
  1795 | D:3      | 1795 ||| FLEEEEING.
  1797 | D:3      | 1797 ||| FLEEEEING.
  1806 | D:3      | Reached skill level 8 in Ranged Weapons
  1879 | D:3      | HP: 5/25 [burnt (3)]
  1880 | D:3      | Incinerated by a bombardier beetle

Levels and vault maps discovered:
D:1:      dpeg_arrival_court, layout_basic
D:2:      layout_loops_cross, serial_bayou, serial_bayou_pond_e,
          serial_bayou_lake_a, serial_bayou_crossing, serial_bayou_lagoon_b,
          uniq_terence
D:3:      layout_loops_cross, trog_hazing_becter

Skill      XL: |  1  2  3  4 |
---------------+-------------+-----
Ranged Weapons | 6 7 8 |  8.3
Fighting       | |  1.5
Dodging        | |  2.4
Stealth        | |  1.2

Action                     |  1- 3 |  4- 6 || total
---------------------------+-------+-------++-------
   Fire: Shortbow          |    90 |    42 ||   132
    Use: Scroll            |     8 |     2 ||    10
 Armour: Leather armour    |     9 |       ||     9
         Ring mail         |     4 |     3 ||     7
  Dodge: Dodged            |    11 |     7 ||    18

Table legend:
 A = Non-vault XP
 B = Vault XP
 C = Vault XP percentage of total XP
 D = Non-vault monster count
 E = Vault monster count
 F = Vault count percentage of total count
                 A         B        C        D         E       F
            +---------+---------+-------+---------+---------+-------
      Total |     154 |      36 |  18.9 |      44 |       1 |   2.2
            +---------+---------+-------+---------+---------+-------
        D:1 |      34 |       0 |   0.0 |      21 |       0 |   0.0
        D:2 |      45 |      36 |  44.4 |      17 |       1 |   5.6
        D:3 |      75 |       0 |   0.0 |       6 |       0 |   0.0
            +---------+---------+-------+---------+---------+-------
